 Dungeon Crawl Stone Soup version 0.31.0-9-g3a7656b989 (webtiles) character file.

Game seed: 8492246389781276653

4 Chiseanne the Ruffian (level 1, 0/13 HPs)
             Began as an Octopode Shapeshifter on Feb 6, 2024.
             Slain by a bat (1 damage)
             ... on level 1 of the Dungeon.
             The game lasted 00:00:31 (501 turns).

Chiseanne the Ruffian (Octopode Shapeshifter)        Turns: 501, Time: 00:00:31

Health: 0/13       AC:  1    Str: 13    XL:     1   Next: 60%
Magic:  1/1        EV: 13    Int: 12    God:
Gold:   49         SH:  0    Dex: 11    Spells: 0/0 levels left

rFire   . .          .
                       - Unarmed
rCold   . . .        (no shield)
rNeg    . . .        (helmet currently unavailable)
rPois   .            (no amulet)
rElec   .            (no ring)
rCorr   .            (no ring)
SInv    .            (no ring)
Will    .....        (no ring)
Stlth   ++           (no ring)
HPRegen 0.22/turn    (no ring)
MPRegen 0.07/turn    (no ring)
                     (no ring)

%: no passive effects
@: beast-form
A: beast (slay +1), almost no armour, amphibious, 8 rings, camouflage 1,
gelatinous body 1, (nimble swimmer 1), tentacles
a: Begin Untransformation


You were on level 1 of the Dungeon.
You were a hulking beast.
You visited 1 branch of the dungeon, and saw 1 of its levels.

You collected 49 gold pieces.

Inventory:

Jewellery
 g - a +6 ring of dexterity
Talismans
 b - a beast talisman
 c - a flux talisman
 f - a serpent talisman
Scrolls
 d - a scroll of noise {unknown}
 h - a scroll of revelation {unknown}
Potions
 a - a potion of lignification
 e - a potion of resistance {unknown}


   Skills:
 * Level 1.1 Fighting
 * Level 2.1 Dodging
 * Level 0.5 Stealth
 - Level 3.0 Unarmed Combat
 * Level 3.0 Shapeshifting


You couldn't memorise any spells.
You didn't know any spells.
Your spell library contained the following spells:

 Spells                   Type           Power      Damage    Failure   Level
 Tukima's Dance           Hex            0%         N/A       69%         3
 Dimensional Bullseye     Hex/Tloc       0%         N/A       97%         4
 Iskenderun's Mystic Bla  Conj/Tloc      0%         2d3       97%         4
 Summon Forest            Summ/Tloc      0%         N/A       100%        5
 Summon Mana Viper        Hex/Summ       0%         N/A       100%        5
 Summon Cactus Giant      Summ           0%         N/A       100%        6


Dungeon Overview and Level Annotations

Branches:
Dungeon (1/15)

Altars:

Shops:
D:1 *


Innate Abilities, Weirdness & Mutations

You are a hulking beast.
Your limbs bulge with bestial killing power. (Slay +1)
You cannot wear most types of armour.
You are amphibious.
You can wear up to eight rings at the same time.
Your skin changes colour to match your surroundings (Stealth+).
Your rubbery body absorbs attacks. (AC +1, EV +1)
((You are camouflaged when in or above water. (Stealth+)))
You have tentacles for arms and can constrict up to eight enemies at once.


Message History

No target in view!
No target in view!
No target in view!
No target in view!
No target in view!
h - a scroll labelled VEHIUS TOUWN
Found a faded altar of an unknown god.
There is a faded altar of an unknown god here.
Key pressed, stopping explore.
You now have 49 gold pieces (gained 13).
Key pressed, stopping explore.
Found Azy Uts's Assorted Antiques.
There is an entrance to Azy Uts's Assorted Antiques here.
You can access your shopping list by pressing '$'.
A goblin comes into view. It is wielding a +0 club.
The goblin shouts!
A bat comes into view.
The goblin hits you with a +0 club.
You tentacle-slap the goblin. Your grab misses the goblin.
The goblin is moderately wounded.
The goblin hits you with a +0 club.
You are too injured to fight recklessly!
You are too injured to fight recklessly!
You are too injured to fight recklessly!
You are too injured to fight recklessly!
You are too injured to fight recklessly!
You are too injured to fight recklessly!
You are too injured to fight recklessly!
You are too injured to fight recklessly!
You are too injured to fight recklessly!
You are too injured to fight recklessly!
There are monsters nearby!
You barely miss the goblin. Your grab misses the goblin.
The goblin is moderately wounded.
The bat barely misses you. The bat misses you.
The goblin hits you with a +0 club.
* * * LOW HITPOINT WARNING * * *
You barely miss the goblin. Your grab misses the goblin.
Your squeeze misses the goblin. The bat hits you.
You die...

....#.####...##### .###..........
.......#.#.##.....##.#####....#.#
...........##..##.# ####....#.#
.......#.#......... ........
....#.####.###.##.# ##.#.####
...#### ... ...# # ..## ..### #.#
#.# ...# .... #.##.###.#.# ..##
#..# #.ghb......# .##
#..#.#.##..##.#.## ..
.......8.8...... .#.#.#..∩..##.##
.#.#.##8.8###### ................
.#.#.##.###############
.......................
........###############


You could see a goblin and a bat.

Vanquished Creatures
  A giant cockroach (D:1)
  A hobgoblin (D:1)
  A goblin (D:1)
  A rat (D:1)
4 creatures vanquished.

Notes
Turn   | Place    | Note
-------+----------+-------------------------------------------
     0 | D:1      | Chiseanne the Octopode Shapeshifter began the quest for the
                  | Orb.
     0 | D:1      | Reached XP level 1. HP: 13/13 MP: 1/1
   367 | D:1      | Found a faded altar of an unknown god.
   491 | D:1      | Found Azy Uts's Assorted Antiques.
   501 | D:1      | Slain by a bat

Illustrated notes

Levels and vault maps discovered:
D:1:      spicycebolla_green_bress_n_ham_2, layout_basic, serial_shops,
          nicolae_shop_tiny_statue_garden, dreamdust_ecumenical_altar_grove,
          nicolae_figureground_sparkle

Action                     || total
---------------------------++-------
  Melee: Unarmed           ||    10
         Constrict         ||     2
         Tentacles         ||     1
   Stab: Sleeping          ||     2
 Armour: Skin              ||     6
  Dodge: Dodged            ||     5
